 Dungeon Sprint DCSS version 0.30-a0-719-gcc4359ea44 (webtiles) character file.

Game seed: 1853532062671888193

43 BigDaddyOpFi the Trooper (level 3, 0/31 HPs)
             Began as a Demonspawn Fighter on Jan 26, 2023.
             Slain by an orc
             ... wielding a +2 trident of flaming
              (9 damage)
             ... in the Dungeon (Sprint IX: "|||||||||||||||||||||||||||||").
             The game lasted 00:00:20 (47 turns).

BigDaddyOpFi the Trooper (Demonspawn Fighter)         Turns: 47, Time: 00:00:21

Health: 0/31       AC:  8    Str: 18    XL:     3   Next: 37%
Magic:  3/3        EV:  9    Int:  9    God:
Gold:   0          SH:  5    Dex: 12    Spells: 2/2 levels left

rFire   . . .      SeeInvis .    a - +0 war axe
rCold   . . .      Faith    .    c - +0 buckler
rNeg    . . .      Spirit   .    b - +0 scale mail
rPois   .          Reflect  .    (no helmet)
rElec   .          Harm     .    (no cloak)
rCorr   .          Rampage  .    (no gloves)
Will    .....      NoTele   +    (no boots) Stlth
                                 (no amulet)
HPRegen 0.25/turn                (no ring)
MPRegen 0.16/turn                (no ring)

@: hasted, very quick
A: rugged brown scales 1, magic regeneration
a: no special abilities


You were in the Dungeon.
You visited 1 branch

Inventory:

Hand Weapons
 a - a +0 war axe (weapon)
Armour
 b - a +0 scale mail (worn)
 c - a +0 buckler (worn)
Scrolls
 j - a scroll of blinking
Potions
 d - a potion of might
 h - 2 potions of magic
 i - a potion of berserk rage


   Skills:
 + Level 4.5 Fighting
 + Level 3.4 Axes
 + Level 4.1 Armour
 + Level 4.0 Shields


You had 2 spell levels left.
You didn't know any spells.
Your spell library was empty.

Dungeon Overview and Level Annotations

Branches:
Dungeon (1/1)

Altars:


Innate Abilities, Weirdness & Mutations

You are partially covered in rugged brown scales. (AC +1, +3% HP)
You regenerate magic rapidly.


Message History

You block the hound's attack. The hound bites you but does no damage.
You barely miss the hound.
The hound is lightly wounded.
The hound bites you but does no damage. The hound bites you.
You barely miss the hound.
The hound is lightly wounded.
The hound bites you. You block the hound's attack.
You hit the hound.
The hound is heavily wounded.
The hound closely misses you. You block the hound's attack.
The hound closely misses you.
You miss the hound.
The hound is heavily wounded.
The hound bites you. The hound barely misses you.
You slash the hound!
The hound is almost dead.
The hound barely misses you. The hound bites you but does no damage.
You feel better. The hound bites you.
You feel yourself speed up. You block the hound's attack. x2
You hit the hound.
You kill the hound!
Your Fighting skill increases to level 4!
Your Axes skill increases to level 3!
Your Armour skill increases to level 4!
Your Shields skill increases to level 4!
You have reached level 3!
Your experience leads to an increase in your attributes!
Increase (S)trength, (I)ntelligence, or (D)exterity?
You feel stronger. x2; Your demonic ancestry asserts itself...
Your magic begins to regenerate rapidly.
Unknown command.
You closely miss something.
The orc hits you from afar with a +2 trident of flaming.
The orc burns you.
* * * LOW HITPOINT WARNING * * *
Something hits you but does no damage.
You miss something. The orc barely misses you.
Something hits you but does no damage.
You miss something.
The orc hits you from afar with a +2 trident of flaming!
You die... ▓▓▓▓▓▓▓▓▓▓▓▓▓▓▓▓▓▓ ▓<...†....@{o....+ ▓▓▓▓▓▓▓▓▓▓▓▓▓▓▓▓▓▓

You could see an orc.

Vanquished Creatures
  A hound (D)
  A shadow imp (D)
  A quokka (D)
  A ball python (D)
  2 bats (D)
  A frilled lizard (D)
  A rat (D)
8 creatures vanquished.

Notes
Turn   | Place    | Note
-------+----------+-------------------------------------------
     0 | D        | BigDaddyOpFi the Demonspawn Fighter began the quest for the
                  | Orb.
     0 | D        | Reached XP level 1. HP: 18/18 MP: 1/1
    19 | D        | Noticed a hound
    19 | D        | Noticed an orc wizard
    29 | D        | Gained mutation: You are partially covered in rugged brown
                  | scales. (AC +1, +3% HP) [demonic ancestry]
    29 | D        | Reached XP level 2. HP: 12/25 MP: 2/2
    45 | D        | Gained mutation: You regenerate magic rapidly. [demonic
                  | ancestry]
    45 | D        | Reached XP level 3. HP: 15/31 MP: 3/3
    47 | D        | Slain by an orc

Illustrated notes

Levels and vault maps discovered:
D:        linesprint [early_d, line_temple, items_1, d_10, items_2, lair_1,
          lair_end, items_3, orc_1, orc_end, items_4, d_15, swamp_1, shoals_1,
          snake_1, spider_1, d_20, vaults_1, items_5, swamp_end, shoals_end,
          snake_end, spider_end, vaults_end, d_27, items_6, zot_1, zot_end,
          crypt_end, forest_end, elf_end, slime_end, tomb_end, abyss_end,
          pan_hell_end]

Skill      XL: |  1  2 |
---------------+-------+-----
Axes           | 2 3 |  3.4
Armour         | 3 4 |  4.1
Shields        | 3 4 |  4.0
Fighting       | 4 |  4.5

Action                     || total
---------------------------++-------
  Melee: War axe           ||    34
    Use: Potion            ||     3
 Armour: Scale mail        ||    20
  Dodge: Dodged            ||    17
  Block: Buckler           ||    13

Table legend: (Time is in decaauts)
 A = Elapsed time spent in this place.
 B = Non-inter-level travel time spent in this place.
 C = Inter-level travel time spent in this place.
 D = Time resting spent in this place.
 E = Time spent auto-exploring this place.
 F = Levels seen in this place.
 G = Mean time per level.
                   A        B        C        D        E       F      G
               +--------+--------+--------+--------+--------+-----+--------+
         Total |     59 |     59 |      0 |      0 |      0 |   1 |   59.0 |
       Dungeon |     59 |     59 |      0 |      0 |      0 |   1 |   59.0 |
               +--------+--------+--------+--------+--------+-----+--------+

Top non-repeatable levels by time:
       D: 59 daAuts
